 Dungeon Crawl Stone Soup version 0.24-a0-269-g32ec7ca (webtiles) character file.

Game seed: 11909771965760712184

22 Lanoc the Slasher (level 2, 0/25 HPs)
             Began as a Minotaur Skald on Apr 22, 2019.
             Succumbed to an adder's poison
             ... on level 1 of the Dungeon.
             The game lasted 00:01:50 (133 turns).

Lanoc the Slasher (Minotaur Skald)                   Turns: 133, Time: 00:01:51

Health: 0/25       AC:  3    Str: 15    XL:     2   Next: 68%
Magic:  3/3        EV: 12    Int: 10    God:
Gold:   6          SH:  0    Dex:  9    Spells: 2/3 levels left

rFire    . . .     SeeInvis .   a - +0 falchion
rCold    . . .     Gourm    .   (no shield)
rNeg     . . .     Faith    .   b - +0 leather armour
rPois    .         Spirit   .   (helmet restricted)
rElec    .         Reflect  .   (no cloak)
rCorr    .         Harm     .   (no gloves)
MR       .....                  (no boots)
Stlth    +.........             c - amulet of magic regeneration
HPRegen  0.08/turn              (no ring)
MPRegen  0.33/turn              (no ring)

@: lethally poisoned (0 -> -3)
A: retaliatory headbutt, horns 2
a: no special abilities


You were on level 1 of the Dungeon.
You were not hungry.

You visited 1 branch of the dungeon, and saw 2 of its levels.

You collected 6 gold pieces.

Inventory:

Hand Weapons
 a - a +0 falchion (weapon)
Armour
 b - a +0 leather armour (worn)
Jewellery
 c - an amulet of magic regeneration (around neck)
Comestibles
 d - a ration


   Skills:
 + Level 2.8 Fighting
 * Level 3.1 Long Blades
 + Level 1.8 Armour
 + Level 2.5 Dodging
 - Level 1.3 Spellcasting
 - Level 2.0 Charms


You had 2 spell levels left.
You knew the following spells:

 Your Spells              Type           Power        Failure   Level  Hunger
a - Infusion              Chrm           #...         19%         1    ##.....

Your spell library contained the following spells:

 Spells                   Type           Power        Failure   Level  Hunger
 Song of Slaying          Chrm           #.......     26%         2    ###....
 Shroud of Golubria       Chrm/Tloc      #.........   38%         2    ###....
 Regeneration             Chrm/Necr      #.........   63%         3    ####...
 Spectral Weapon          Hex/Chrm       #.......     63%         3    ####...


Dungeon Overview and Level Annotations

Branches:
Dungeon (2/15)

Altars:


Innate Abilities, Weirdness & Mutations

You reflexively headbutt those who attack you in melee.
You have a pair of horns on your head.


Message History

The adder misses you.
You closely miss the adder.
The adder is almost dead.
The adder closely misses you. You furiously retaliate!
You headbutt the adder!
You kill the adder!
You aren't carrying any potions.
You aren't carrying any scrolls.
* * * LOW HITPOINT WARNING * * *
You feel sick.
* * * LOW HITPOINT WARNING * * *
You feel sick.
* * * LOW HITPOINT WARNING * * *
You feel sick.
* * * LOW HITPOINT WARNING * * *
You feel sick.
* * * LOW HITPOINT WARNING * * *
You feel sick.
There is a stone staircase leading up here.
You climb upwards.
You die... # #.#####.# #..@....# ####.#.## .# .# .# .# .. .#

There were no monsters in sight!

Vanquished Creatures
  An adder (D:2)
  An adder skeleton (D:2)
  A giant cockroach (D:1)
  3 goblins
  2 frilled lizards
  A kobold (D:2)
  3 rats
12 creatures vanquished.

Notes
Turn   | Place    | Note
-------+----------+-------------------------------------------
     0 | D:1      | Lanoc the Minotaur Skald began the quest for the Orb.
     0 | D:1      | Reached XP level 1. HP: 18/18 MP: 1/1
    45 | D:2      | Reached XP level 2. HP: 22/25 MP: 3/3
   102 | D:2      | Reached skill level 3 in Long Blades
   126 | D:2      | HP: 1/25 [poisoned by an adder]
   133 | D:1      | Succumbed to an adder's poison

Levels and vault maps discovered:
D:1:      dpeg_arrival_pond, layout_loops_ring, chequers_mini_garden
D:2:      layout_basic, nicolae_overflow_crystal_walls, lemuel_blue_sif_altar,
          first_ration, minivault_23, solitary_fountain,
          kennysheep_generic_room_8, uniq_robin

Skill      XL: |  1  2 |
---------------+-------+-----
Long Blades    | 3 |  3.1
Fighting       | |  2.8
Armour         | |  1.8
Dodging        | |  2.5
Spellcasting   | |  1.3
Charms         | |  2.0

Action                   || total
-------------------------++-------
Melee: Falchion          ||    30
       Headbutt          ||     3
Armor: Leather armour    ||    13
Dodge: Dodged            ||    15
       Rpst.: Falchion   ||     1

Table legend:
 A = Non-vault XP
 B = Vault XP
 C = Vault XP percentage of total XP
 D = Non-vault monster count
 E = Vault monster count
 F = Vault count percentage of total count
                 A         B        C        D         E       F
            +---------+---------+-------+---------+---------+-------
      Total |      29 |       3 |   9.4 |      10 |       2 |  16.7
            +---------+---------+-------+---------+---------+-------
        D:1 |       8 |       0 |   0.0 |       5 |       0 |   0.0
        D:2 |      21 |       3 |  12.5 |       5 |       2 |  28.6
            +---------+---------+-------+---------+---------+-------
